Map: Temple gelé

Players

Thor

  • Race: Protoss Protoss
  • League: Gold
  • Spawn Location: 11:00

zidar - Winner!

  • Race: Zerg Zerg
  • League: Gold
  • Spawn Location: 5:00

VOD

Have the link to the VOD?

Description

Time

  • Played on: May 20, 2016, 12:45 p.m.
  • Length: 13:05
Show
View Real Time Build Order
Export as new Build Order

Thor Protoss 

Build Orders: Cannon Rush, Oracle Opening 

Get SALT Encoding   

  12  0:02  Probe (Chrono Boost)  
  13  0:13  Probe (Chrono Boost)  
  14  0:23  Probe (Chrono Boost)  
  14  0:28  Pylon  
  15  0:39  Assimilator  
  15  0:46  Probe (Chrono Boost)  
  16  0:51  Forge  
  16  1:01  Gateway  
  16  1:10  Probe (Chrono Boost)  
  17  1:20  Probe (Chrono Boost)  
  18  1:28  Photon Cannon  
  18  1:56  Photon Cannon  
  18  1:57  Photon Cannon  
  18  2:07  Probe (Chrono Boost)  
  19  2:11  Assimilator  
  19  2:18  Probe (Chrono Boost)  
  19  2:20  Cybernetics Core  
  20  2:35  Nexus  
  20  2:41  Probe (Chrono Boost)  
  21  2:51  Probe (Chrono Boost)  
  21  2:58  Pylon  
  22  3:04  Stargate  
  22  3:16  Probe (Chrono Boost)  
  23  3:25  Stargate  
  23  3:47  Probe (Chrono Boost)  
  23  3:48  Pylon  
  24  3:52  Oracle (Chrono Boost)  
  27  3:56  Probe (Chrono Boost)  
  27  4:01  Protoss Air Weapons Level 1  
  28  4:09  Photon Cannon  
  28  4:19  Phoenix (Chrono Boost)  
  30  4:30  Oracle (Chrono Boost)  
  33  4:52  Oracle (Chrono Boost)  
  36  4:55  Probe  
  36  4:56  Assimilator  
  36  4:57  Assimilator  
  37  5:06  Probe  
  38  5:16  Probe  
  42  5:24  Oracle (Chrono Boost)  
  42  5:39  Probe  
  43  5:50  Probe  
  44  6:00  Probe  
  45  6:11  Void Ray (Chrono Boost), Probe  
  53  6:16  Void Ray (Chrono Boost)  
  54  6:21  Fleet Beacon  
  54  6:33  Pylon  
  54  6:36  Pylon  
  54  6:49  Probe  
  55  6:58  Protoss Shields Level 1  
  55  7:00  Probe  
  56  7:10  Probe  
  57  7:21  Probe  
  58  7:31  Probe  
  65  7:40  Pylon  
  65  7:42  Probe  
  66  7:45  Pylon  
  66  7:52  Carrier (Chrono Boost)  
  66  7:53  Probe  
  73  8:07  Graviton Catapult  
  73  8:16  Probe  
  74  8:23  Mothership Core  
  74  8:26  Probe  
  76  8:30  Carrier (Chrono Boost)  
  77  8:37  Probe  
  84  8:49  Mothership  
  84  9:06  Carrier (Chrono Boost)  
  84  9:07  Pylon  
  84  9:12  Pylon  
  84  9:43  Oracle (Chrono Boost)  
  82  10:38  Oracle (Chrono Boost)  
  82  10:43  Pylon  
  76  10:57  Oracle (Chrono Boost)  
  75  11:04  Pylon  
  75  11:10  Probe  
  75  11:11  Tempest (Chrono Boost)  
  80  11:17  Probe  
  80  11:22  Probe  
  82  11:28  Probe  
  87  11:34  Tempest (Chrono Boost)  
  87  11:38  Nexus, Probe  
  87  11:42  Gateway  
Show
View Real Time Build Order
Export as new Build Order

zidar Zerg - Winner!

Build Orders: Hatch First 

Get SALT Encoding   

  12  0:01  Drone  
  13  0:12  Overlord  
  13  0:18  Drone  
  14  0:31  Drone x2  
  14  0:34  Drone  
  17  0:55  Hatchery  
  16  0:57  Drone  
  16  1:01  Extractor  
  16  1:05  Drone  
  17  1:21  Spawning Pool  
  17  1:24  Drone  
  17  1:39  Drone x2  
  18  1:44  Drone  
  19  1:53  Drone  
  20  2:01  Overlord  
  20  2:07  Queen, Metabolic Boost  
  22  2:22  Drone x3  
  25  2:29  Drone x2  
  27  2:36  Queen  
  29  2:50  Roach Warren  
  28  2:53  Extractor  
  28  2:54  Drone x3  
  30  3:02  Extractor  
  30  3:05  Lair  
  29  3:06  Extractor  
  28  3:39  Drone x8  
  36  4:09  Hydralisk Den  
  35  4:14  Evolution Chamber  
  35  4:16  Glial Reconstitution  
  34  4:18  Evolution Chamber  
  34  4:19  Roach  
  34  4:22  Overlord x2  
  34  4:23  Overlord  
  35  4:46  Hydralisk x5  
  45  4:58  Muscular Augments  
  45  5:06  Drone x3  
  48  5:09  Drone  
  49  5:25  Roach  
  51  5:29  Overlord x2  
  51  5:38  Drone  
  52  5:49  Drone x3  
  58  5:50  Drone x3  
  58  5:54  Drone x4  
  58  5:55  Drone  
  63  6:23  Hatchery  
  62  6:27  Zerg Missile Weapons Level 1  
  62  6:31  Hydralisk x3  
  68  6:36  Overlord  
  68  6:37  Overlord x2  
  68  6:54  Queen  
  68  6:58  Hydralisk x2  
  68  6:59  Hydralisk  
  76  7:03  Roach  
  76  7:07  Zerg Ground Armor Level 1  
  78  7:18  Hatchery  
  77  7:37  Hydralisk  
  77  7:38  Hydralisk x6  
  77  7:42  Overlord x3  
  91  8:09  Roach x6  
  103  8:15  Hatchery  
  103  8:16  Lurker Den  
  102  8:23  Zerg Missile Weapons Level 2  
  102  8:52  Roach x10  
  102  8:55  Overlord  
  122  9:39  Overlord x2  
  122  9:40  Overlord  
  94  10:27  Hydralisk x9  
  74  10:53  Overseer  
  66  10:59  Hydralisk  
  66  11:00  Hydralisk x6  
  80  11:08  Hydralisk x8  
  96  11:22  Hydralisk  
  96  11:23  Hydralisk x3  
  104  11:28  Hydralisk  
  106  11:39  Hydralisk x8  
Tags
 
Add a new tag
Caveats
  • Supply blocks, unpowered buildings, or Contaminate may cause inaccurate times.
  • Supply counts are checked every 10 seconds.